 Dungeon Crawl Stone Soup version 0.29-a0-824-gd827844252 (webtiles) character file.

Game seed: 14508924332342514357

70470 porpoise the Fencer (level 15, -7/138 HPs)
             Began as a Hill Orc Monk on July 11, 2022.
             Was a Priest of Elyvilon.
             Collided with a crystal wall (20 damage)
             ... caused by a rakshasa
             ... on level 14 of the Dungeon.
             The game lasted 02:09:54 (36589 turns).

porpoise the Fencer (Hill Orc Monk)                Turns: 36589, Time: 02:09:57

Health: -7/138     AC: 26    Str: 20    XL:     15   Next: 33%
Magic:  24/26      EV: 11    Int: 14    God:    Elyvilon [***...]
Gold:   2508       SH:  0    Dex: 15    Spells: 14/14 levels left

rFire   + . .      SeeInvis .   a - +3 double sword (vorpal)
rCold   . . .      Faith    .   (no shield)
rNeg    . . .      Spirit   .   e - +4 chain mail {rF+}
rPois   .          Reflect  .   D - +1 helmet
rElec   .          Harm     .   M - +2 cloak
rCorr   .          Rampage  .   v - +0 pair of gloves
Will    +++..                   P - +1 pair of boots {Fly}
Stlth   ..........              (no amulet)
HPRegen 0.33/turn               i - ring of willpower
MPRegen 0.20/turn               B - ring of Cuehep {Will+ Int+4}

@: flying
A: no striking features
a: Renounce Religion, Purification, Heal Other, Heal Self


You were on level 14 of the Dungeon.
You worshipped Elyvilon.
Elyvilon was most pleased with you.
You visited 4 branches of the dungeon, and saw 22 of its levels.
You also visited: Volcano.

You collected 3251 gold pieces.
You spent 743 gold pieces at shops.

Inventory:

Hand Weapons
 a - a +3 vorpal double sword (weapon)
 b - a +5 shortbow
 l - the +0 falchion of the Seven Lovers {protect, Dex+4}
   (You bought it in a shop on level 2 of the Orcish Mines)

   It grants its wielder temporary protection when it strikes (+7 to AC).
   Dex:       It affects your dexterity (+4).
 w - a +2 trishula of holy wrath
 G - a +1 longbow of flaming
Missiles
 m - 5 datura-tipped darts
 q - 6 boomerangs
 s - a silver boomerang
 u - 14 poisoned darts
 E - 10 curare-tipped darts
Armour
 e - a +4 chain mail of fire resistance (worn)
 g - a +6 plate armour of ponderousness
 h - a +0 buckler
 v - a +0 pair of gloves (worn)
 D - a +1 helmet (worn)
 M - a +2 cloak (worn)
 P - a +1 pair of boots of flying (worn)
Jewellery
 i - a ring of willpower (left hand)
 n - a +6 ring of dexterity
 t - the ring of Galuorch {EV+4 Str+3}
   (You found it on level 2 of the Lair of Beasts)

   [ring of evasion]

   EV:        It affects your evasion (+4).
   Str:       It affects your strength (+3).
 B - the ring of Cuehep (right hand) {Will+ Int+4}
   (You found it on level 13 of the Dungeon)

   [ring of willpower]

   Int:       It affects your intelligence (+4).
   Will:      It increases your willpower.
Wands
 f - a wand of paralysis (33)
 y - a wand of digging (2)
 z - a wand of mindburst (9)
 A - a wand of flame (25)
 F - a wand of polymorph (8)
 K - a wand of roots (23) (quivered)
 Q - a wand of quicksilver (2)
Scrolls
 d - 17 scrolls of teleportation
 j - 2 scrolls of fear
 o - 3 scrolls of poison
 r - 2 scrolls of vulnerability
 x - 3 scrolls of magic mapping
 C - a scroll of immolation
 L - 2 scrolls of fog
 W - a scroll of silence
Potions
 c - 3 potions of ambrosia
 k - 4 potions of lignification
 p - 2 potions of cancellation
 H - a potion of curing
 N - 4 potions of haste
 U - 4 potions of attraction


   Skills:
 - Level 14.0 Fighting
 - Level 16.0 Long Blades
 + Level 6.0 Polearms
 - Level 12.0 Armour
 - Level 7.0 Dodging
 - Level 1.5 Stealth
 - Level 15.0 Invocations
 + Level 7.3 Evocations


You had 14 spell levels left.
You didn't know any spells.
Your spell library contained the following spells:

 Spells                   Type           Power      Damage    Failure   Level
 Apportation              Tloc           0%         N/A       88%         1
 Necrotise                Necr           0%         1d4       88%         1
 Slow                     Hex            0%         N/A       88%         1
 Summon Small Mammal      Summ           0%         N/A       88%         1
 Ensorcelled Hibernation  Hex/Ice        0%         N/A       95%         2
 Static Discharge         Conj/Air       0%         3-3/arc   95%         2
 Sublimation of Blood     Necr           0%         N/A       95%         2
 Confusing Touch          Hex            0%         N/A       99%         3
 Conjure Flame            Conj/Fire      0%         6-21      99%         3
 Ignite Poison            Fire/Tmut/Pois 0%         N/A       99%         3
 Spider Form              Tmut/Pois      0%         N/A       99%         3
 Vampiric Draining        Necr           0%         2d6       99%         3
 Anguish                  Hex/Necr       0%         N/A       100%        4
 Petrify                  Tmut/Erth      0%         N/A       100%        4
 Sticky Flame             Conj/Fire      0%         2d3       100%        4
 Irradiate                Conj/Tmut      0%         3d13      100%        5
 Iskenderun's Battlesphe  Conj           0%         2d6       100%        5
 Lightning Bolt           Conj/Air       0%         1d11      100%        5
 Iron Shot                Conj/Erth      0%         9d1       100%        6
 Enfeeble                 Hex            0%         N/A       100%        7
 Spellforged Servitor     Conj/Summ      0%         N/A       100%        7
 Maxwell's Capacitive Co  Air            0%         ∞         100%        8


Dungeon Overview and Level Annotations

Branches:
Dungeon (14/15)            Temple (1/1) D:5            Lair (5/6) D:10
 Shoals (0/4) Lair:3        Snake (0/4) Lair:2          Orc (2/2) D:9
    Elf (0/3) Orc:2        Vaults (0/5) D:13        Volcano (visited)
  Slime: Lair:5-6

Altars:
Ashenzari
Cheibriados
Dithmenos
Elyvilon
Fedhas
Gozag
Hepliaklqana
Kikubaaqudgha
Makhleb
Nemelex Xobeh
Okawaru
Qazlal
Ru
Sif Muna
Trog
Uskayaw
Vehumet
Wu Jian
Xom
Yredelemnul
Zin
The Shining One
Beogh

Shops:
D:2 *   D:3 :   D:4 (   D:11 *   D:13 [   Orc:1 (   Orc:2 ==[(

Annotations:
D:8 2 transporters, zhov's ghost, novice FoFi
D:13 Kirke


Message History

You miss the rakshasa.
The rakshasa is severely wounded.
The rakshasa blocks your attack.
The rakshasa is severely wounded.
The rakshasa hits you with a +1 war axe of flaming.
* * * LOW HITPOINT WARNING * * *
The rakshasa blocks your attack.
The rakshasa is severely wounded.
The rakshasa completely misses you.
You barely miss the rakshasa.
The rakshasa is severely wounded.
You barely miss the rakshasa.
The rakshasa is severely wounded.
The rakshasa hits you with a +1 war axe of flaming!
* * * LOW HITPOINT WARNING * * *
The rakshasa burns you.
* * * LOW HITPOINT WARNING * * *
The rakshasa blocks your attack.
The rakshasa is severely wounded.
The rakshasa gestures at you. The lance of force hits you!
* * * LOW HITPOINT WARNING * * *
You are knocked back by the lance of force.
You slam into the crystal wall!
You are healed.
The rakshasa blinks!
Things that are here:
a +0 arbalest; a +0 robe; a potion of degeneration You closely miss the rakshasa.
The rakshasa is severely wounded.
You slash the rakshasa!
The rakshasa is almost dead.
The rakshasa hits you with a +1 war axe of flaming!
The rakshasa blocks your attack.
The rakshasa is almost dead.
The rakshasa gestures at you. The lance of force hits you!!
* * * LOW HITPOINT WARNING * * *
You are knocked back by the lance of force.
You slam into the crystal wall!
You die...

##### #...# .... ############
..# #..........### ####### #
#(.........##. ##..#..#..#..
'..........##..##....÷.......
#..........#...#@)R..#...#...
#..........#...#...#######
#############..#.)##
#.......# #...#...# #.......#
#.. ##..# #.......# #.## ##.#
#.......# #..###..#
#....#######...#...#
...........##..#..##


You could see a rakshasa.

Vanquished Creatures
  Nessos (D:14)
  Azrael (D:12)
  2 ettins
  A yaktaur captain (D:14)
  2 boulder beetles (D:12)
  4 hydras
  An ogre mage (Volcano)
  An ice dragon (D:14)
  3 centaur warriors
  9 two-headed ogres
  A death knight (D:14)
  2 dancing weapons
  2 orc high priests (Orc:2)
  Urug (D:11)
  4 tengu warriors (D:14)
  A hell knight (Volcano)
  Sonja (D:12)
  7 skeletal warriors
  A flayed ghost (D:14)
  A deep elf zephyrmancer (D:14)
  A lindwurm (Orc:1)
  An orc sorcerer (Orc:1)
  A phantasmal warrior (D:14)
  2 ugly things
  2 cyclopes
  A manticore (D:13)
  4 black mambas
  11 cane toads
  A gargoyle (D:13)
  A molten gargoyle (Volcano)
  Psyche (D:11)
  4 kobold demonologists (D:12)
  2 unseen horrors
  A yaktaur (D:14)
  5 komodo dragons
  An efreet (D:14)
  2 tengu conjurers (D:14)
  A meliai (D:14)
  A polar bear (shapeshifter) (D:12)
  2 trolls
  A polar bear (Lair:4)
  2 hornets
  10 blink frogs
  7 dream sheep (Lair:5)
  A snapping turtle (Lair:3)
  A dream sheep (shapeshifter) (D:14)
  2 shadows
  A culicivora (shapeshifter) (D:12)
  A vampire (D:14)
  3 wraiths
  3 fire elementals (D:12)
  3 wyverns
  2 hogs (D:14)
  21 yaks
  7 basilisks
  5 fire bats (Volcano)
  2 vampire mosquitoes (D:12)
  3 swamp worms (Lair:2)
  2 wargs
  Menkaure (D:5)
  2 nagas (Lair:2)
  3 hell hounds (D:12)
  2 acid dragons
  11 water moccasins
  35 orc warriors
  An ice beast (D:7)
  2 sky beasts
  7 black bears
  20 wolves
  4 centaurs
  9 ogres
  3 phantoms
  6 kobold brigands
  11 bullfrogs
  6 scorpions
  A gnoll sergeant (D:9)
  4 necrophages
  5 wights (D:10)
  3 electric eels
  5 lava snakes (Volcano)
  A crimson imp (D:11)
  17 orc priests
  A hound (D:4)
  3 jellies
  2 iguanas
  Ijyb (D:6)
  38 orc wizards
  15 gnolls
  10 adders
  A shadow imp (D:7)
  4 white imps
  2 ufetubi
  2 worms (D:2)
  3 dart slugs
  106 orcs
  9 ball pythons
  6 endoplasms
  3 giant cockroaches
  5 goblins
  4 hobgoblins
  3 jackals (D:5)
  5 quokkas
  6 bats
  3 frilled lizards
  48 kobolds
  8 rats
615 creatures vanquished.

Vanquished Creatures (collateral kills)
  Saint Roka (Orc:2)
  Rupert (D:12)
  Josephine (D:12)
  2 wraiths (D:12)
  An orc warrior (Orc:2)
  3 centaurs (D:12)
  An orc wizard (Orc:2)
  An orc (Orc:2)
11 creatures vanquished.

Vanquished Creatures (others)
  An orc warrior (Orc:2)
  An orc priest (Orc:2)
  3 orcs (Orc:2)
  56 fungi
  73 plants
134 creatures vanquished.

Grand Total: 760 creatures vanquished

Notes
Turn   | Place    | Note
-------+----------+-------------------------------------------
     0 | D:1      | porpoise the Hill Orc Monk began the quest for the Orb.
     0 | D:1      | Reached XP level 1. HP: 19/19 MP: 1/1
   146 | D:1      | Found a faded altar of an unknown god.
   307 | D:1      | Reached XP level 2. HP: 27/27 MP: 2/2
   733 | D:1      | Reached skill level 4 in Long Blades
   913 | D:1      | Reached XP level 3. HP: 33/33 MP: 3/3
  1545 | D:2      | Found Qotuduol's Assorted Antiques.
  2076 | D:3      | Reached XP level 4. HP: 41/41 MP: 4/4
  2583 | D:3      | Reached skill level 5 in Long Blades
  2960 | D:3      | Found Owi Muan's Vocational Training.
  2999 | D:3      | Found an ornate altar of the Wu Jian Council.
  3006 | D:3      | Noticed a spectral centipede
  3006 | D:3      | Noticed a spectral black mamba
  3006 | D:3      | Noticed a spectral cane toad
  3062 | D:4      | Noticed an ogre
  3096 | D:4      | Noticed a scorpion
  3229 | D:4      | Identified a scroll of acquirement
  3229 | D:4      | Acquired 941 gold pieces
  3306 | D:4      | Noticed a phantom
  3341 | D:4      | Killed a phantom
  3342 | D:4      | Reached skill level 5 in Fighting
  3342 | D:4      | Reached XP level 5. HP: 44/48 MP: 5/5
  3502 | D:4      | Reached skill level 6 in Long Blades
  3533 | D:4      | Reached XP level 6. HP: 56/56 MP: 6/6
  3653 | D:4      | Found Boxem's Weapon Shop.
  3877 | D:4      | Found a large runed translucent door.
  3877 | D:4      | Found a large runed translucent door.
  4348 | D:4      | HP: 2/57 [ogre/+0 giant spiked club (17)]
  4350 | D:4      | Reached skill level 7 in Long Blades
  4350 | D:4      | Reached XP level 7. HP: 2/63 MP: 7/7
  4706 | D:4      | Found a snail-covered altar of Cheibriados.
  4729 | D:4      | Found a burning altar of Makhleb.
  4798 | D:5      | Entered Level 5 of the Dungeon
  4798 | D:5      | You fall into a shaft and drop 2 floors!
  5079 | D:7      | Reached skill level 8 in Long Blades
  5347 | D:6      | Reached XP level 8. HP: 57/73 MP: 8/8
  5443 | D:5      | Noticed Ijyb
  5465 | D:6      | Killed Ijyb
  5514 | D:5      | Reached skill level 1 in Armour
  5740 | D:5      | Reached skill level 9 in Long Blades
  5828 | D:5      | Found a staircase to the Ecumenical Temple.
  5862 | Temple   | Entered the Ecumenical Temple
  6059 | Temple   | Became a worshipper of the Shining One
  6059 | Temple   | Reached * piety under the Shining One
  6059 | Temple   | Reached ** piety under the Shining One
  6829 | D:5      | Noticed Menkaure
  6844 | D:5      | Killed Menkaure
  6845 | D:5      | Reached skill level 10 in Long Blades
  6989 | D:5      | Reached skill level 5 in Armour
  7019 | D:5      | Reached XP level 9. HP: 38/79 MP: 9/9
  7628 | D:6      | Noticed a white ugly thing
  7643 | D:6      | The Shining One protects you from harm!
  7648 | D:6      | HP: 3/118 [white ugly thing (16)]
  7655 | D:6      | Killed a white ugly thing
  8087 | D:6      | Found a blossoming altar of Fedhas.
  8165 | D:6      | Found a broken altar of Ashenzari.
  8306 | D:2      | Bought an emerald potion for 18 gold pieces
  8306 | D:2      | Bought a scroll of teleportation for 63 gold pieces
  8306 | D:2      | Bought a scroll labelled ZUILYI JEZIDAM for 21 gold pieces
  8306 | D:2      | Bought a fizzy clear potion for 18 gold pieces
  8529 | D:7      | Reached skill level 1 in Invocations
  8888 | D:7      | Reached skill level 11 in Long Blades
  9621 | D:8      | Found a transporter.
  9636 | D:8      | Noticed a hornet
  9647 | D:8      | Noticed zhov's ghost (novice FoFi)
  9648 | D:8      | Noticed a queen bee
  9679 | D:8      | Found a transporter.
  9874 | D:8      | Reached XP level 10. HP: 83/86 MP: 13/13
 10400 | D:9      | Found a basalt altar of Yredelemnul.
 10400 | D:9      | Found a shimmering altar of Xom.
 10400 | D:9      | Found a sacrificial altar of Ru.
 10440 | D:9      | Reached skill level 5 in Invocations
 10994 | D:9      | Reached skill level 12 in Long Blades
 11674 | D:9      | Found a staircase to the Orcish Mines.
 11699 | D:9      | Reached *** piety under the Shining One
 11997 | D:9      | Identified the +4 dagger of the Hidden Vale {vorpal, +Blink
                  | MP+9 Str+5}
 12030 | D:10     | Entered Level 10 of the Dungeon
 12363 | D:10     | Found a staircase to the Lair.
 12376 | D:10     | Reached skill level 5 in Dodging
 12757 | D:10     | Noticed a two-headed ogre
 12772 | D:10     | Killed a two-headed ogre
 12773 | D:10     | Reached XP level 11. HP: 65/93 MP: 15/17
 12906 | D:10     | Noticed a two-headed ogre
 12920 | D:10     | Killed a two-headed ogre
 13113 | D:10     | Reached skill level 13 in Long Blades
 13441 | D:10     | Found a hazy altar of Hepliaklqana.
 13618 | Lair:1   | Entered Level 1 of the Lair of Beasts
 14198 | Lair:1   | You fall into a shaft and drop 1 floor!
 14855 | Lair:1   | Reached **** piety under the Shining One
 15268 | Lair:1   | Reached skill level 10 in Invocations
 16539 | Lair:2   | Reached skill level 10 in Fighting
 16696 | Lair:2   | Found a staircase to the Snake Pit.
 16717 | Lair:2   | Reached skill level 14 in Long Blades
 17059 | Lair:2   | Reached XP level 12. HP: 65/106 MP: 20/20
 17241 | Lair:2   | Found the +9 sword of Zonguldrok {reap}
 17523 | Lair:2   | Identified the ring of Galuorch {EV+4 Str+3}
 17789 | Lair:2   | Noticed a four-headed hydra
 19469 | D:11     | Found Jair Mymamn's Assorted Antiques.
 19485 | D:11     | Bought 2 scrolls labelled XETEONN ZYMI for 74 gold pieces
 19485 | D:11     | Bought a scroll of identify for 74 gold pieces
 19592 | D:11     | Noticed Psyche
 19607 | D:11     | Killed Psyche
 19914 | D:11     | Noticed Urug
 19922 | D:11     | Killed Urug
 20198 | D:12     | Noticed Sonja
 20209 | D:12     | Killed Sonja
 20534 | D:12     | Noticed a two-headed ogre
 20538 | D:12     | Killed a two-headed ogre
 20621 | D:12     | Noticed Azrael
 20648 | D:12     | Killed Azrael
 20649 | D:12     | Reached skill level 1 in Evocations
 20691 | D:12     | Reached ***** piety under the Shining One
 20756 | D:12     | Noticed a sun demon
 21041 | D:12     | Noticed a boulder beetle
 21062 | D:12     | Found a radiant altar of Vehumet.
 21072 | D:12     | Killed a boulder beetle
 21073 | D:12     | Reached XP level 13. HP: 91/118 MP: 22/22
 21240 | D:12     | Noticed Rupert
 21256 | D:12     | Killed Rupert
 21257 | D:12     | Reached skill level 15 in Long Blades
 21829 | D:12     | Reached skill level 5 in Evocations
 22144 | D:12     | Noticed Josephine
 22155 | D:12     | Killed Josephine
 23968 | Lair:3   | Found a staircase to the Shoals.
 25312 | Lair:5   | Reached skill level 16 in Long Blades
 25408 | Lair:5   | Reached XP level 14. HP: 61/126 MP: 23/23
 25920 | Lair:5   | Identified the +7 shortbow of Offence {venom, Contam Will+
                  | Str-3 Int+5}
 26563 | Orc:1    | Entered Level 1 of the Orcish Mines
 26590 | Orc:1    | Found Xakud's Antique Weapon Emporium.
 26622 | Orc:1    | Found a dark tunnel.
 26668 | Volcano  | Entered a volcano
 27038 | Volcano  | Found a bloodstained altar of Trog.
 27045 | Volcano  | Reached skill level 10 in Armour
 27534 | Orc:1    | Paralysed by an orc sorcerer for 2 turns
 27902 | Orc:2    | Entered Level 2 of the Orcish Mines
 28714 | Orc:2    | Reached ****** piety under the Shining One
 29204 | D:2      | Bought a demon trident for 315 gold pieces
 29204 | D:2      | Identified a +2 trishula of holy wrath (a +0 demon trident
                  | blessed by the Shining One)
 29204 | D:2      | Received a gift from the Shining One
 29786 | Temple   | Fell from the grace of the Shining One
 29786 | Temple   | Became a worshipper of Elyvilon the Healer
 29786 | Temple   | Reached * piety under Elyvilon
 29786 | Temple   | Reached ** piety under Elyvilon
 29786 | Temple   | Reached *** piety under Elyvilon
 30230 | Orc:2    | Found a staircase to the Elven Halls.
 30603 | Orc:2    | Noticed Saint Roka
 30626 | Orc:2    | Reached skill level 1 in Polearms
 31031 | Orc:2    | Found a roughly hewn altar of Beogh.
 31088 | Orc:2    | Found a roughly hewn altar of Beogh.
 31111 | Orc:2    | Found Acekk's Jewellery Boutique.
 31307 | Orc:2    | Found a roughly hewn altar of Beogh.
 31308 | Orc:2    | Found Heequll's Jewellery Emporium.
 31470 | Orc:2    | Killed Saint Roka
 31763 | Orc:2    | Found Gaten's Antique Armour Emporium.
 31764 | Orc:2    | Found a roughly hewn altar of Beogh.
 31765 | Orc:2    | Found Gyapyis's Antique Weapon Shoppe.
 31772 | Orc:2    | Bought a steaming falchion for 160 gold pieces
 31772 | Orc:2    | Identified the +0 falchion of the Seven Lovers {protect,
                  | Dex+4} (You bought it in a shop on level 2 of the Orcish
                  | Mines)
 32209 | D:13     | Found a gate to the Vaults.
 32981 | D:13     | Found Foupaat's Armour Emporium.
 33033 | D:13     | Identified the ring of Cuehep {Will+ Int+4}
 33887 | D:14     | Reached **** piety under Elyvilon
 33927 | D:14     | Noticed Nessos
 33937 | D:14     | Killed Nessos
 34114 | D:14     | Reached XP level 15. HP: 125/138 MP: 25/25
 34165 | D:14     | Noticed Kirke
 35350 | D:14     | Found a broken altar of Ashenzari.
 35364 | D:14     | Reached skill level 5 in Polearms
 36210 | D:14     | Reached skill level 15 in Invocations
 36301 | D:14     | Elyvilon protects you from harm!
 36305 | D:14     | Elyvilon protects you from harm!
 36561 | D:14     | Identified the amulet of Ecry {Spirit Str+2}
 36589 | D:14     | Collided with a crystal wall

Illustrated notes

Levels and vault maps discovered:
D:1:      onia_arrival_pyramid, layout_loops_ring,
          hellmonk_ecumenical_altar_crossroads, columned_hall_lemuel,
          st_stairs_7
D:2:      layout_basic, serial_shops, nicolae_shop_trees
D:3:      layout_basic, pdpol_wu_jian_five_deadly_venoms,
          nicolae_kite_square_tiling_tiny, nicolae_shop_vocational
D:4:      layout_basic, jmf_multi_god_temple2, serial_shops, shop,
          minmay_misc_feat_iff, minmay_circle_x
D:5:      cheibrodos_thug_alley, layout_loops_ring,
          minmay_temple_entry_butterflies, uniq_menkaure, uniq_ijyb
D:6:      layout_rooms, fedhas_altar_fruit_tree, amcnicky_altar_gilded,
          minmay_microvault
D:7:      layout_layer_cave
D:8:      layout_loops_ring, gammafunk_ghost_hive, st_stairs_13
D:9:      layout_basic, gammafunk_temple_overflow_forgotten, erik_orc_2
D:10:     layout_irregular_city, lemuel_crystal_altar,
          due_lair_maze_entry_diamond
D:11:     layout_irregular_city, serial_shops, shop, nicolae_zen_rock_garden,
          minmay_fire_ice_demons, uniq_urug, uniq_psyche
D:12:     layout_stronghold, nicolae_vehumet_altar_sigil, uniq_josephine,
          uniq_sonja, uniq_azrael, uniq_rupert
D:13:     layout_loops_cross, erik_vaults_1, serial_shops,
          nicolae_take_the_stairs
D:14:     minmay_tile_spiral, layout_grid_maze, minmay_misc_feat_x,
          cheibrodos_ashenzari_chains, uniq_nessos, uniq_kirke
Temple:   nicolae_temple_bog_church
Lair:1:   layout_misc_corridors, beast_lair_carwin_5, serial_bayou_shore_a
Lair:2:   statuecave_lemuel, layout_cave_shapes, guppyfry_snake_entry_garden,
          worms_lemuel
Lair:3:   layout_regular_city, minmay_shoals_entry_hut, serial_bayou_pond_a,
          minmay_stone_trees_small
Lair:4:   layout_regular_city
Lair:5:   layout_loops_ring
Orc:1:    layout_caves, serial_shops, shop, nicolae_volcano_entry_vermiform
Orc:2:    grunt_orc_community_town_hall, layout_diamond_mine,
          grunt_orc_community_big_house_1, grunt_orc_community_big_house_1,
          grunt_orc_community_house_1, grunt_orc_community_house_3,
          grunt_orc_community_house_2, grunt_orc_community_house_2,
          grunt_orc_community_house_1, grunt_orc_community_house_1

Skill      XL: |  1  2  3  4  5  6  7  8  9 10 11 12 13 14 15 |
---------------+----------------------------------------------+-----
Fighting       | 4 5 6 7 10 12 14 | 14.0
Long Blades    | 4 5 6 7 8 10 11 12 14 16 | 16.0
Armour         | 5 7 9 11 12 | 12.0
Invocations    | 4 8 10 12 14 15 | 15.0
Dodging        | 3 5 7 |  7.0
Evocations     | 3 7 |  7.3
Polearms       | 4 6 |  6.0
Stealth        | |  1.5

Action                   |  1- 3 |  4- 6 |  7- 9 | 10-12 | 13-15 || total
-------------------------+-------+-------+-------+-------+-------++-------
Melee: Falchion          |   151 |   221 |   406 |   839 |       ||  1617
       Punch             |       |     1 |     7 |    20 |    21 ||    49
       Double sword      |       |       |       |    97 |   902 ||   999
       Dire flail        |       |       |       |    18 |       ||    18
       Scimitar          |       |       |       |       |    16 ||    16
       Trishula          |       |       |       |       |    31 ||    31
       Shortbow          |       |       |       |       |     1 ||     1
 Fire: Sling             |       |       |     8 |    20 |       ||    28
       Shortbow          |       |       |       |       |    72 ||    72
Throw: Dart              |       |       |     2 |    23 |     3 ||    28
Invok: Cleansing Flame   |       |       |       |     3 |     2 ||     5
       Divine Shield     |       |       |       |     1 |       ||     1
       Summon Divine War |       |       |       |       |     1 ||     1
       Heal Other        |       |       |       |       |     8 ||     8
       Brand Weapon With |       |       |       |       |     1 ||     1
       Heal Self         |       |       |       |       |     5 ||     5
Evoke: Wand              |       |       |     1 |     1 |    24 ||    26
  Use: Scroll            |       |     9 |     9 |    11 |    18 ||    47
       Potion            |       |     1 |     8 |     4 |     7 ||    20
 Stab: Sleeping          |     1 |       |       |       |       ||     1
       Paralysed         |       |       |       |       |     4 ||     4
Armor: Robe              |     6 |       |       |       |       ||     6
       Plate armour      |    71 |   106 |       |       |       ||   177
       Skin              |       |     9 |     7 |       |       ||    16
       Ring mail         |       |       |    23 |       |       ||    23
       Chain mail        |       |       |   132 |   353 |   473 ||   958
Dodge: Dodged            |    51 |    88 |   191 |   536 |   599 ||  1465
Block: Other             |       |       |       |     4 |       ||     4

Table legend: (Time is in decaauts)
 A = Elapsed time spent in this place.
 B = Non-inter-level travel time spent in this place.
 C = Inter-level travel time spent in this place.
 D = Time resting spent in this place.
 E = Time spent auto-exploring this place.
 F = Levels seen in this place.
 G = Mean time per level.
                   A        B        C        D        E       F      G
               +--------+--------+--------+--------+--------+-----+--------+
         Total |  36110 |  33546 |   2564 |  14885 |  12564 |  23 | 1570.0 |
       Dungeon |  23291 |  21378 |   1913 |   9697 |   7991 |  14 | 1663.6 |
        Temple |    244 |    190 |     54 |      0 |    176 |   1 |  244.0 |
          Lair |   8070 |   7636 |    434 |   3230 |   3142 |   5 | 1614.0 |
  Orcish Mines |   3725 |   3563 |    162 |   1566 |   1246 |   2 | 1862.5 |
       Volcano |    778 |    778 |      0 |    392 |      7 |   1 |  778.0 |
               +--------+--------+--------+--------+--------+-----+--------+

Top non-repeatable levels by time:
   Orc:2: 3076 daAuts
    D:12: 2736 daAuts
  Lair:1: 2687 daAuts
     D:9: 2501 daAuts
    D:10: 2411 daAuts
    D:14: 2160 daAuts
     D:5: 2031 daAuts
  Lair:2: 1858 daAuts
    D:13: 1706 daAuts
     D:4: 1660 daAuts
    D:11: 1488 daAuts
     D:1: 1296 daAuts
     D:3: 1276 daAuts
  Lair:3: 1260 daAuts
     D:6: 1180 daAuts
